 Dungeon Crawl Stone Soup version 0.23-a0-300-g6719eeacba (webtiles) character file.

164 PikkenKukken the Ruffian (level 5, -2/50 HPs)
             Began as a Troll Fighter on Oct 7, 2018.
             Slain by a sky beast (6 damage)
             ... on level 3 of the Dungeon.
             The game lasted 00:03:38 (1659 turns).

PikkenKukken the Ruffian (Troll Fighter)            Turns: 1659, Time: 00:03:39

Health: -2/50      AC:  5    Str: 24    XL:     5   Next: 21%
Magic:  4/4        EV:  8    Int:  5    God:
Gold:   154        SH: 11    Dex:  9    Spells: 4/4 levels left

rFire    . . .     SeeInvis .     - Unarmed
rCold    . . .     Gourm    +   b - +0 shield
rNeg     . . .     Faith    .   a - +0 robe
rPois    .         Spirit   .   (helmet restricted)
rElec    .         Reflect  +   (no cloak)
rCorr    .         Harm     .   (gloves unavailable)
MR       .....                  (boots unavailable)
Stlth    +.........             i - +3 amulet of reflection
HPRegen  0.56/turn              (no ring)
MPRegen  0.09/turn              (no ring)

@: no status effects
A: large, unfitting armour, claws 3, fast metabolism 3, gourmand, regeneration
1, shaggy fur 1, tough skin 2
a: no special abilities


You were on level 3 of the Dungeon.
You were completely stuffed.

You visited 1 branch of the dungeon, and saw 3 of its levels.

You collected 154 gold pieces.

Inventory:

Armour
 a - a +0 robe (worn)
 b - a +0 shield (worn)
Jewellery
 i - a +3 amulet of reflection (around neck)
 k - an uncursed ring of see invisible {unknown}
Scrolls
 e - 5 scrolls of identify
Potions
 c - a potion of might
 f - a potion of cancellation {unknown}
 g - a potion of lignification {unknown}
 h - 2 potions of haste {unknown}
 j - a potion of degeneration {unknown}
 l - 2 potions of flight
 m - a potion of brilliance {unknown}
 n - a potion of agility {unknown}
Comestibles
 d - 7 rations
 o - 6 chunks of flesh


   Skills:
 - Level 2.4 Fighting
 - Level 2.4 Dodging
 - Level 2.4 Shields
 + Level 5.5 Unarmed Combat


You had 4 spell levels left.
You didn't know any spells.
Your spell library was empty.

Dungeon Overview and Level Annotations

Branches:
Dungeon (3/15)

Altars:
Ashenzari
Okawaru
Ru
Sif Muna
Xom


Innate Abilities, Weirdness & Mutations

You are too large for most types of armour.
You have claws for hands.
Your metabolism is lightning-fast.
You like to eat raw meat.
Your natural rate of healing is unusually fast.
You are covered in fur. (AC +1)
You have very tough skin. (AC +2)


Message History

* * * LOW HITPOINT WARNING * * *
You closely miss something. Something hits you but does no damage.
You miss something.
A sky beast appears from thin air!
Reactivating autopickup.
The sky beast barely misses you.
You closely miss the sky beast.
The sky beast is severely wounded.
You block the sky beast's attack.
You closely miss the sky beast.
The sky beast is severely wounded.
The sky beast hits you.
* * * LOW HITPOINT WARNING * * *
The sky beast shocks you.
* * * LOW HITPOINT WARNING * * *
You miss the sky beast.
The sky beast is severely wounded.
The sky beast hits you.
* * * LOW HITPOINT WARNING * * *
The sky beast shocks you.
You die...

#(............###....#
#..# #
#......###.#####...#.#
##.##.. #...>..# #.#
#..###.####.....
#[.....# #.#
#.##............
#......# #.#
#.##>#.....#####
#......#
#.####.##.....### #
########
..##...#..<##.#
###.########.# #@# #.#
# #Y# #.# . ###.# #.#
#...# #.. .
#..##...Y.. ### .
....# ...... ......
....). ..... ......
.!... ......


You could see a sky beast.

Vanquished Creatures
  An orc priest (D:3)
  An orc wizard (D:3)
  4 adders
  3 worms
  3 dart slugs (D:1)
  2 leopard geckos (D:1)
  4 orcs (D:3)
  A giant cockroach (D:1)
  7 hobgoblins
  15 kobolds
  A quokka (D:2)
  A ball python (D:2)
  6 bats
  2 frilled lizards (D:2)
  6 goblins
  4 rats
61 creatures vanquished.

Notes
Turn   | Place    | Note
-------+----------+-------------------------------------------
     0 | D:1      | PikkenKukken the Troll Fighter began the quest for the Orb.
     0 | D:1      | Reached XP level 1. HP: 22/22 MP: 0/0
    70 | D:1      | Reached XP level 2. HP: 27/29 MP: 1/1
    91 | D:1      | Reached skill level 3 in Unarmed Combat
   328 | D:1      | Reached XP level 3. HP: 36/36 MP: 2/2
   660 | D:2      | Reached skill level 4 in Unarmed Combat
   883 | D:2      | Reached XP level 4. HP: 44/44 MP: 3/3
  1055 | D:2      | Found a shattered altar of Ashenzari.
  1060 | D:2      | Found a sacrificial altar of Ru.
  1074 | D:2      | Found an iron altar of Okawaru.
  1078 | D:2      | Found a deep blue altar of Sif Muna.
  1344 | D:3      | Found a shimmering altar of Xom.
  1491 | D:3      | Reached skill level 5 in Unarmed Combat
  1496 | D:3      | Reached XP level 5. HP: 4/50 MP: 4/4
  1637 | D:3      | Noticed a sky beast
  1659 | D:3      | Slain by a sky beast

Vault maps used:
D:1:      dpeg_arrival_concentric_ovals, hangedman_abyss_or_decor_stabs
D:2:      grunt_temple_overflow_cloverleaf, kennysheep_small_spiral
D:3:      lemuel_doored_altar

Skill      XL: |  1  2  3  4 |
---------------+-------------+-----
Unarmed Combat | 3 4 5 |  5.5
Fighting       | |  2.4
Dodging        | |  2.4
Shields        | |  2.4

Action                   |  1- 3 |  4- 6 || total
-------------------------+-------+-------++-------
Melee: Unarmed           |    88 |    77 ||   165
  Use: Scroll            |     3 |     3 ||     6
  Eat: Chunk             |    14 |     7 ||    21
Armor: Robe              |    28 |    16 ||    44
Dodge: Dodged            |    18 |     9 ||    27
Block: Shield            |    41 |    23 ||    64
       Reflection        |     6 |     2 ||     8

Table legend:
 A = Non-vault XP
 B = Vault XP
 C = Vault XP percentage of total XP
 D = Non-vault monster count
 E = Vault monster count
 F = Vault count percentage of total count
                 A         B        C        D         E       F
            +---------+---------+-------+---------+---------+-------
      Total |     235 |       0 |   0.0 |      61 |       0 |   0.0
            +---------+---------+-------+---------+---------+-------
        D:1 |      48 |       0 |   0.0 |      24 |       0 |   0.0
        D:2 |      61 |       0 |   0.0 |      22 |       0 |   0.0
        D:3 |     126 |       0 |   0.0 |      15 |       0 |   0.0
            +---------+---------+-------+---------+---------+-------
